 Dungeon Crawl Stone Soup version 0.31-a0-237-g2d982f9f85 (webtiles) character file.

Game seed: 16028774377248727270

77 qw the Shooter (level 4, 0/27 HPs)
             Began as a Gargoyle Hexslinger on July 10, 2023.
             Slain by an orc
             ... wielding a +2 antimagic flail
              (6 damage)
             ... on level 4 of the Dungeon.
             The game lasted 00:00:37 (1897 turns).

qw the Shooter (Gargoyle Hexslinger)                Turns: 1897, Time: 00:00:38

Health: 0/27       AC:  8    Str: 10 (12) XL:     4   Next: 34%
Magic:  2/5        EV: 10    Int: 12 (13) God:
Gold:   57         SH:  0    Dex: 14      Spells: 4/5 levels left

rFire   . . .        Y - +1 sling
rCold   . . .        (no shield)
rNeg    + . .        f - +0 ring mail
rPois   inf          (no helmet)
rElec   +            (no cloak)
rCorr   .            (no gloves)
SInv    .            (no boots)
Will    .....        h - amulet of reflection Stlth
                     (no ring)
HPRegen 0.24/turn    (no ring)
MPRegen 0.09/turn

%: reflection
@: confused
A: sickness immunity, AC +3, negative energy resistance 1, electricity
resistance, torment resistance 1, petrification resistance
a: no special abilities


You were on level 4 of the Dungeon.
You visited 1 branch of the dungeon, and saw 4 of its levels.

You collected 197 gold pieces.
You spent 140 gold pieces at shops.


Innate Abilities, Weirdness & Mutations

You are immune to sickness and miasma.
Your stone body is resilient. (AC +3)
You are immune to poison.
You resist negative energy. (rN+)
You are resistant to electric shocks. (rElec)
You are resistant to unholy torment.
You are immune to petrification.


   Skills:
 - Level 2.8 Fighting
 + Level 3.6 Ranged Weapons
 - Level 1.5 Dodging
 - Level 1.0 Spellcasting
 - Level 2.6 Hexes


You had 4 spell levels left.
You knew the following spells:

 Your Spells              Type           Power      Damage    Failure   Level
a - Slow                  Hex            28%        N/A       26%         1

Your spell library contained the following spells:

 Spells                   Type           Power      Damage    Failure   Level
 Inner Flame              Hex/Fire       3%         N/A       80%         3
 Portal Projectile        Hex/Tloc       6%         N/A       80%         3
 Cause Fear               Hex            3%         N/A       95%         4

Inventory:

Hand Weapons
 Y - a +1 sling (weapon)
Armour
 f - a +0 ring mail (worn)
Jewellery
 e - a +5 ring of evasion
 h - an amulet of reflection (around neck)
Scrolls
 d - a scroll of identify
Potions
 a - a potion of haste
 b - a potion of might
 c - a potion of mutation {unknown}
 i - 3 potions of heal wounds

Dungeon Overview and Level Annotations

Branches:
Dungeon (4/15)
 Temple: D:4-7

Altars:

Shops:
D:3 (!*


Message History

You shoot a sling bullet.
The sling bullet hits the orc but does no damage.
You shoot a sling bullet. The sling bullet hits the orc.
The orc is moderately wounded.
You shoot a sling bullet. The sling bullet barely misses the orc.
An orc wizard comes into view. It is wielding a +0 dagger.
You shoot a sling bullet. The orc wizard shouts!
The sling bullet hits the orc but does no damage.
The orc is moderately wounded.
The orc throws a silver boomerang.
The silver boomerang hits you.
You shoot a sling bullet.
The sling bullet hits the orc but does no damage.
The orc is moderately wounded.
You shoot a sling bullet.
The sling bullet closely misses the orc.
The orc misses you. The orc hits you with a +0 hand axe.
The orc wizard gestures wildly while chanting.
The orc wizard flickers and vanishes!
Deactivating autopickup; reactivate with Ctrl-A.
The orc misses you. The orc hits you but does no damage.
You shoot a sling bullet. The sling bullet hits the orc.
You kill the orc!
The orc hits you but does no damage.
You shoot a sling bullet. The sling bullet hits the orc.
The orc is lightly wounded.
The orc hits you with a +2 antimagic flail.
You feel your power leaking away.
You hear some strange, mumbled words.
You are confused.
You hear some strange, mumbled words.
A magic dart appears from out of thin air!
The magic dart hits you. The orc hits you but does no damage.
You hear some strange, mumbled words.
Something tries to affect you, but you resist.
The orc hits you with a +2 antimagic flail.
You feel your power leaking away. Something hits you.
The orc hits you with a +2 antimagic flail.
You die...

..# #####.. ..######
#............. .......#
#.............
..)....##+#.............
........................
.................)......
................).......
.......)........o.......
.......#'##.....@{......
.......#..####+#)...[...
.......#...# #........
.......#...# #........
.......#..## #........
.......#### #........
.......# #........
.......# #.(......


You could see an orc.

Vanquished Creatures
  Jessica (D:2)
  An adder (D:2)
  2 orcs (D:4)
  A ball python (D:1)
  2 bats
  4 endoplasms
  A giant cockroach (D:1)
  5 goblins
  5 hobgoblins
  2 kobolds
  3 quokkas
  6 frilled lizards
  3 rats
36 creatures vanquished.

Notes
Turn   | Place    | Note
-------+----------+-------------------------------------------
     0 | D:1      | qw the Gargoyle Hexslinger began the quest for the Orb.
     0 | D:1      | Reached XP level 1. HP: 12/12 MP: 2/2
     0 | D:1      | 0 ||| qw: Version: 0.3-a-52-g30416fa
     0 | D:1      | 0 ||| qw: Game counter: 5376
     0 | D:1      | 0 ||| qw: Melee chars always use a shield: true
     0 | D:1      | 0 ||| qw: God list: Okawaru
     0 | D:1      | 0 ||| qw: Allow faded altars: false
     0 | D:1      | 0 ||| qw: Do Orc after clearing Dungeon:15 true
     0 | D:1      | 0 ||| qw: Do second Lair branch before Depths: true
     0 | D:1      | 0 ||| qw: Lair rune preference: random
     0 | D:1      | 0 ||| qw: Goals: Normal
     0 | D:1      | 0 ||| PLANNING D:1-11
   129 | D:1      | Reached XP level 2. HP: 16/16 MP: 3/3
   298 | D:1      | Reached skill level 3 in Ranged Weapons
   391 | D:1      | 391 ||| UPGRADING to +0 ring mail.
   401 | D:1      | 401 ||| DROPPING +0 robe.
   402 | D:1      | 402 ||| UPGRADING to amulet of reflection.
   407 | D:1      | 407 ||| READING scroll labelled JEREOPO HUAS.
   412 | D:1      | 412 ||| READING scroll labelled EGEGA XYZI.
   413 | D:1      | 413 ||| DRINKING 2 brown potions.
   414 | D:1      | 414 ||| DROPPING scroll of poison.
   415 | D:1      | 415 ||| DROPPING potion of degeneration.
   689 | D:2      | Noticed Jessica
   692 | D:2      | Killed Jessica
   693 | D:2      | Reached XP level 3. HP: 22/22 MP: 4/4
  1044 | D:2      | Reached XP level 4. HP: 26/27 MP: 5/5
  1079 | D:2      | 1079 ||| READING scroll labelled ACVAET FINAP.
  1080 | D:2      | 1080 ||| DRINKING 2 murky green potions.
  1081 | D:2      | 1081 ||| READING 2 scrolls of identify.
  1081 | D:2      | 1081 ||| IDENTIFYING glowing orange potion
  1082 | D:2      | 1082 ||| DROPPING potion of lignification.
  1083 | D:2      | 1083 ||| DROPPING potion of attraction.
  1160 | D:3      | Found Kimallim's General Store.
  1162 | D:3      | Found Digyal's Distillery.
  1177 | D:3      | 1177 ||| SHOPLISTING 2 potions of mutation (160 gold, have
                  | 146).
  1177 | D:3      | 1177 ||| BUYING potion of heal wounds (50 gold).
  1177 | D:3      | Bought a potion of heal wounds for 50 gold pieces
  1177 | D:3      | 1177 ||| BUYING potion of heal wounds (50 gold).
  1177 | D:3      | Bought a potion of heal wounds for 50 gold pieces
  1177 | D:3      | 1177 ||| SHOPLISTING potion of heal wounds (50 gold, have
                  | 46).
  1177 | D:3      | 1177 ||| BUYING potion of might (40 gold).
  1177 | D:3      | Bought a potion of might for 40 gold pieces
  1177 | D:3      | 1177 ||| SHOPLISTING potion of resistance (100 gold, have
                  | 6).
  1196 | D:3      | 1196 ||| SHOPLISTING +0 pair of gloves (63 gold, have 6).
  1196 | D:3      | 1196 ||| SHOPLISTING +3 leather armour "Ygoewaos" {rElec
                  | rPois MP-9 Stlth+} (267 gold, have 6).
  1196 | D:3      | 1196 ||| SHOPLISTING potion of haste (140 gold, have 6).
  1221 | D:3      | Found a faded altar of an unknown god.
  1263 | D:3      | Found Subrap's Weapon Emporium.
  1827 | D:3      | 1827 ||| READING scroll labelled CUNGOC EGEC.
  1828 | D:3      | 1828 ||| READING 2 scrolls of identify.
  1828 | D:3      | 1828 ||| IDENTIFYING fizzy coppery potion
  1897 | D:4      | HP: 6/27 [something (2)]
  1897 | D:4      | Slain by an orc

Levels and vault maps discovered:
D:1:      dpeg_arrival_round_c, layout_basic
D:2:      layout_basic, columned_hall_lemuel, uniq_jessica
D:3:      layout_basic, serial_shops, nicolae_shop_window_shopping,
          nicolae_shop_waterfront, nicolae_shop_tiny_glass,
          ebering_ecumenical_altar_hall
D:4:      layout_gridville, minmay_goblin_outpost

Skill      XL: |  1  2 |
---------------+-------+-----
Ranged Weapons | 3 |  3.6
Fighting       | 2 |  2.8
Dodging        | |  1.5
Spellcasting   | |  1.0
Hexes          | |  2.6

Action                     |  1- 3 |  4- 6 || total
---------------------------+-------+-------++-------
   Fire: Sling             |    89 |    26 ||   115
    Use: Scroll            |     2 |     4 ||     6
         Potion            |     1 |     1 ||     2
 Armour: Ring mail         |    15 |     4 ||    19
  Dodge: Dodged            |    19 |     3 ||    22
  Block: Other             |     5 |       ||     5

Table legend:
 A = Non-vault XP
 B = Vault XP
 C = Vault XP percentage of total XP
 D = Non-vault monster count
 E = Vault monster count
 F = Vault count percentage of total count
                 A         B        C        D         E       F
            +---------+---------+-------+---------+---------+-------
      Total |      74 |      37 |  33.3 |      35 |       1 |   2.8
            +---------+---------+-------+---------+---------+-------
        D:1 |      21 |       0 |   0.0 |      12 |       0 |   0.0
        D:2 |      36 |      37 |  50.7 |      14 |       1 |   6.7
        D:3 |       5 |       0 |   0.0 |       4 |       0 |   0.0
        D:4 |      12 |       0 |   0.0 |       5 |       0 |   0.0
            +---------+---------+-------+---------+---------+-------
